 Dungeon Crawl Stone Soup version 0.30-b1-2-g02819fbbbe (webtiles) character file.

Game seed: 2790824266120233277

224 raph the Changer (level 5, 0/36 (40) HPs)
             Began as a Draconian Transmuter on May 23, 2023.
             Was an Initiate of Makhleb.
             Slain by Jessica
             ... wielding a +6 dagger of draining
              (6 damage)
             ... on level 3 of the Dungeon.
             The game lasted 00:03:57 (2391 turns).

raph the Changer (Draconian Transmuter)             Turns: 2391, Time: 00:03:58

HP:   0/36 (40)     AC:  6    Str: 12    XL:     5   Next: 67%
MP:   7/8           EV: 12    Int: 16    God:    Makhleb [......]
Gold: 111           SH:  0    Dex: 11    Spells: 2/8 levels left

rFire   . .          .
                       - Unarmed
rCold   . . .        (no shield)
rNeg    . . .        (body armour unavailable)
rPois   .            (helmet currently unavailable)
rElec   .            (no cloak)
rCorr   .            g - +0 pair of gloves
SInv    .            (boots currently unavailable)
Will    .....        f - amulet of regeneration
Stlth   +            (no ring)
HPRegen 1.06/turn    (no ring)
MPRegen 0.11/turn

%: no passive effects
@: appendages (expiring), heavily drained
A: horns 2, talons 2, AC +5, unfitting armour, cold-blooded
a: End Transformation, Renounce Religion


You were on level 3 of the Dungeon.
You worshipped Makhleb.
Makhleb was noncommittal.
You had temporarily grown beastly horns and talons.
You visited 1 branch of the dungeon, and saw 3 of its levels.

You collected 137 gold pieces.
You spent 26 gold pieces at shops.

Inventory:

Missiles
 k - 6 boomerangs
Armour
 g - a +0 pair of gloves (worn)
Jewellery
 b - an amulet of magic regeneration
 f - an amulet of regeneration (around neck)
Scrolls
 h - a scroll of enchant weapon
Potions
 a - 3 potions of lignification
 c - a potion of haste {unknown}
 e - 2 potions of brilliance
 i - a potion of mutation
 m - a potion of curing {unknown}


   Skills:
 - Level 1.1 Fighting
 - Level 1.7 Dodging
 - Level 3.6 Unarmed Combat
 - Level 2.0 Spellcasting
 + Level 4.4 Transmutations
 + Level 3.1 Poison Magic


You had 2 spell levels left.
You knew the following spells:

 Your Spells              Type           Power      Damage    Failure   Level
a - Beastly Appendage     Tmut           30%        N/A       3%          1
b - Wereblood             Tmut           15%        N/A       4%          2
c - Spider Form           Tmut/Pois      13%        N/A       13%         3

Your spell library contained the following spells:

 Spells                   Type           Power      Damage    Failure   Level
 Cigotuvi's Dreadful Rot  Necr/Pois/Air  8%         N/A       21%         2
 Olgreb's Toxic Radiance  Pois           11%        N/A       50%         4
 Summon Guardian Golem    Hex/Summ       1%         N/A       52%         3
 Ice Form                 Ice/Tmut       8%         N/A       63%         4
 Dispel Undead            Necr           1%         3d6       90%         4
 Death Channel            Necr           0%         N/A       100%        6
 Orb of Destruction       Conj           0%         9d5       100%        7
 Spellforged Servitor     Conj/Summ      0%         N/A       100%        7
 Discord                  Hex            0%         N/A       100%        8
 Ignition                 Fire           0%         3d3       100%        8


Dungeon Overview and Level Annotations

Branches:
Dungeon (3/15)

Altars:
Makhleb
The Shining One

Shops:
D:1 ?

Annotations:
D:2 1 runed translucent door, Crazy Yiuf, Terence
D:3 Jessica


Innate Abilities, Weirdness & Mutations

You have temporarily grown beastly horns and talons.
Your plain brown scales are hard. (AC +5)
You cannot fit into any form of body armour.
You are cold-blooded and may be slowed by cold attacks.


Message History

As you read the scroll labelled TUMUT MERURON, it crumbles to dust.
You hear the flapping of tiny wings.
It was a scroll of butterflies.
You swap places.
You swap places.
You swap places.
Jessica the Apprentice Sorceress comes into view.
She is wielding a +6 dagger of draining.
Found a stone staircase leading down.
Jessica shouts!
You hear a shout! x2; You hear an angry hiss.
Casting: Beastly Appendage (safe; 3% risk of failure)
Confirm with . or Enter, or press ? or * to list all spells.
You grow a pair of large bovine horns.
Your feet morph into talons.
Jessica casts a spell at you. Pain shoots through your body!
Jessica gestures wildly while chanting.
Jessica seems to speed up.
You hear an angry hiss.
A ball python comes into view.
You closely miss Jessica.
Your tail-slap misses Jessica.
Jessica barely misses you.
You hit Jessica but do no damage. Jessica closely misses you.
You hit Jessica but do no damage. You headbutt Jessica, but do no damage.
Your tail-slap misses Jessica.
Jessica gestures at you while chanting. Pain shoots through your body!
Jessica hits you with a +6 dagger of draining.
You feel drained.
You hit Jessica.
Your tail-slap misses Jessica.
Jessica is heavily wounded.
Jessica hits you with a +6 dagger of draining.
You feel drained.
You closely miss Jessica. You claw Jessica.
Your tail-slap misses Jessica.
Jessica is severely wounded.
Your transformation is almost over.
Jessica shouts, "You are a ghastly nuisance!"
Jessica hits you with a +6 dagger of draining.
* * * LOW HITPOINT WARNING * * *
You feel drained.
* * * LOW HITPOINT WARNING * * *
Jessica hits you with a +6 dagger of draining.
You die...

*,**,* *,#..,,,,,,,,,*
*,,,,******
*,#>.,,*,******
**,,*,,,,,,* #,#.#,,*,*
*,,,*,,,,,,* #.#..,,,,*
*,***,*,,..###.#.#########
*,,,,,*,,.........b......#
*,,,***,*,..##.#.#######.#
**,,,,,,*,,,**,#.# #b#
*,,,,***,*,**,#@# #.#
###### *,**,,,,,*,**,#@#*
#b###bb...
*,****,***,**,#S.***
#bb..bbb.. *,*
*,,,,,**,#...,*


#bbbbbbbb. *,* ***+*,**,#.##.* #b..bbb..b *,* *,,,,,**,#.#*.#**#..bbbbbbb *,*
*,,,,,,,,..P,,.,*#b.b..bb.. *,* *,,,,,***#♣~~~,.*#.bbb...b. *,*
*,,,,,,,,,~~~~~,....b..bb.. You could see Jessica (fast) and a ball python.

Vanquished Creatures
  Sigmund (D:2)
  An adder (D:2)
  2 dart slugs (D:1)
  4 bats
  6 endoplasms
  3 giant cockroaches (D:2)
  5 goblins
  9 hobgoblins
  2 quokkas (D:1)
  4 ball pythons
  4 frilled lizards (D:2)
  5 kobolds
  3 rats
49 creatures vanquished.

Vanquished Creatures (others)
  2 fungi (D:2)
2 creatures vanquished.

Grand Total: 51 creatures vanquished

Notes
Turn   | Place    | Note
-------+----------+-------------------------------------------
     0 | D:1      | raph the Draconian Transmuter began the quest for the Orb.
     0 | D:1      | Reached XP level 1. HP: 16/16 MP: 3/3
    91 | D:1      | Found Jutemaus's Magic Scroll Shop.
   170 | D:1      | Reached XP level 2. HP: 23/23 MP: 5/5
   568 | D:1      | Bought a scroll of identify for 26 gold pieces
   780 | D:1      | Learned a level 2 spell: Wereblood
   815 | D:2      | Reached XP level 3. HP: 28/28 MP: 4/6
   825 | D:2      | Learned a level 3 spell: Spider Form
   859 | D:2      | Identified the +8 hammer of Sebi Jescher {heavy, Drain rN+
                  | Dex+3}
   995 | D:2      | Reached skill level 3 in Transmutations
  1312 | D:2      | Reached skill level 1 in Poison Magic
  1756 | D:2      | Noticed Sigmund
  1782 | D:2      | Killed Sigmund
  1783 | D:2      | Reached skill level 4 in Transmutations
  1783 | D:2      | Reached XP level 4. HP: 26/35 MP: 7/7
  1783 | D:2      | Reached XP level 5. HP: 30/40 MP: 8/8
  1957 | D:2      | Found a runed translucent door.
  1958 | D:2      | Noticed Crazy Yiuf
  1960 | D:2      | Noticed Terence
  2252 | D:3      | Found a burning altar of Makhleb.
  2257 | D:3      | Found a glowing golden altar of the Shining One.
  2265 | D:3      | Became a worshipper of Makhleb the Destroyer
  2382 | D:3      | Noticed Jessica
  2391 | D:3      | Slain by Jessica

Illustrated notes

Levels and vault maps discovered:
D:1:      lemuel_arrival_behind_the_door_small, layout_rooms, serial_shops,
          shop, minivault_5
D:2:      minmay_inner_zag, layout_basic, serial_corexii_hall,
          chequers_hall_statues_corner_a, corexii_hall_statues_i,
          minmay_statues_item, uniq_sigmund, uniq_crazy_yiuf_cottage,
          uniq_terence
D:3:      layout_basic, mainiacjoe_overflow_big_doors, serial_bayou_pond_b,
          hangedman_abyss_or_decor_stabs, minmay_misc_feat_room, st_stairs_11,
          uniq_jessica

Skill      XL: |  1  2  3 |
---------------+----------+-----
Transmutations | 4 |  4.4
Poison Magic   | 3 |  3.1
Fighting       | |  1.1
Dodging        | |  1.7
Unarmed Combat | |  3.6
Spellcasting   | |  2.0

Action                     |  1- 3 |  4- 6 || total
---------------------------+-------+-------++-------
  Melee: Unarmed           |   107 |    19 ||   126
         Tailslap          |    12 |     1 ||    13
         Kick              |    20 |     5 ||    25
         Headbutt          |    14 |     3 ||    17
         Punch             |     1 |       ||     1
   Cast: Beastly Appendage |    26 |     5 ||    31
    Use: Scroll            |     3 |     8 ||    11
   Stab: Sleeping          |     1 |       ||     1
 Armour: Skin              |    25 |     2 ||    27
  Dodge: Dodged            |    48 |     9 ||    57
